 Dungeon Crawl Stone Soup version 0.26-a0-652-gafc20e3620 (webtiles) character file.

Game seed: 3110478518524892956

48 Flugkiller the Ruffian (level 3, 0/36 HPs)
             Began as an Ogre Transmuter on Oct 2, 2020.
             Killed by miscasting Spider Form (10 damage)
             ... on level 2 of the Dungeon.
             The game lasted 00:02:30 (415 turns).

Flugkiller the Ruffian (Ogre Transmuter)             Turns: 415, Time: 00:02:31

Health: 0/36       AC:  3    Str: 14    XL:     3   Next: 72%
Magic:  1/6        EV: 10    Int: 15    God:
Gold:   30         SH:  0    Dex:  9    Spells: 2/6 levels left

rFire    . . .     SeeInvis .     - Unarmed
rCold    . . .     Faith    .   (no shield)
rNeg     . . .     Spirit   .   a - +0 robe
rPois    .         Reflect  .   (helmet restricted)
rElec    .         Harm     .   (no cloak)
rCorr    .         Rampage  .   (gloves unavailable)
MR       .....                  (boots unavailable)
Stlth    +.........             (no amulet)
HPRegen  0.12/turn              (no ring)
MPRegen  0.10/turn              (no ring)

@: lethally poisoned (0 -> -4), very slightly contaminated
A: large, unfitting armour, tough skin 1
a: no special abilities


You were on level 2 of the Dungeon.
You visited 1 branch of the dungeon, and saw 3 of its levels.

You collected 30 gold pieces.

Inventory:

Armour
 a - a +0 robe (worn)
Scrolls
 c - a scroll of fog {unknown}
 e - 2 scrolls of teleportation
 g - a scroll of noise {unknown}
Potions
 b - a potion of ambrosia
 f - a potion of might {unknown}
 h - a potion of heal wounds


   Skills:
 - Level 2.8 Fighting
 - Level 1.7 Dodging
 - Level 3.7 Unarmed Combat
 - Level 2.4 Spellcasting
 + Level 1.7 Transmutations
 + Level 0.0 Poison Magic


You had 2 spell levels left.
You knew the following spells:

 Your Spells              Type           Power        Failure   Level
a - Beastly Appendage     Tmut           #.....       11%         1
c - Spider Form           Tmut/Pois      #.........   41%         3

Your spell library contained the following spells:

 Spells                   Type           Power        Failure   Level
 Wereblood                Tmut           #.......     16%         2
 Ice Form                 Ice/Tmut       #.......     83%         4
 Blade Hands              Tmut           #.........   96%         5


Dungeon Overview and Level Annotations

Branches:
Dungeon (3/15)

Altars:


Innate Abilities, Weirdness & Mutations

You are too large for most types of armour.
You have tough skin. (AC +1)


Message History

This spell is quite dangerous to cast!
Memorise Spider Form, consuming 3 spell levels and leaving 2?
You start memorising the spell.
You continue memorising. x3
You finish memorising.
Spell assigned to 'b'.
Adjust (i)tems, (s)pells, or (a)bilities?
Adjust which spell? b - Spider Form Adjust to which letter? c - Spider Form
Casting: Beastly Appendage (safe; 11% risk of failure)
Confirm with . or Enter, or press ? or * to list all spells.
The spell is quite dangerous to cast (41% risk of failure)!
Continue anyway?
You miscast Spider Form.
You are very lightly contaminated with residual magic.
Nothing appears to happen.
Casting: Spider Form (quite dangerous; 41% risk of failure)
Confirm with . or Enter, or press ? or * to list all spells.
The spell is quite dangerous to cast (41% risk of failure)!
Continue anyway?
You miscast Spider Form.
You feel rather nauseous for a moment!
You are poisoned.
* * * LOW HITPOINT WARNING * * *
You feel sick.
You feel sick.
You feel sick.
As you read the scroll labeled XUYDEM SADUY, it crumbles to dust.
It is a scroll of identify.
b - a potion of ambrosia
As you read the scroll of identify, it crumbles to dust.
h - a potion of heal wounds
As you read the scroll labeled ZIUTIN WAPLEH, it crumbles to dust.
You feel strangely unstable.
It was a scroll of teleportation.
Unknown command.
You feel sick.
Your surroundings suddenly seem different.
You feel sick.
You are no longer poisoned.
You climb downwards.
There is a stone staircase leading up here.
Your magical contamination has completely faded away.
A jackal and a worm come into view.
The jackal barks!
The jackal barely misses you.
Casting: Spider Form (quite dangerous; 41% risk of failure)
Confirm with . or Enter, or press ? or * to list all spells.
The spell is quite dangerous to cast (41% risk of failure)!
Continue anyway?
You miscast Spider Form.
You are very lightly contaminated with residual magic.
You feel odd!
You are poisoned.
You die...

##....# # #.#...#w#.# ###
..h..#..#.# #### ..#####
#...h.....# #...
......########.##h###
#..g #.###.#.....# #...#
###† #......<....# #h..#
#< ##..........# #h..# #.
##.##.#.....# #@..# #.
......#.....# #...# #.
.#.####.#.######...#####.
#.
.#.#.....................
#.
...#.##.#................
#. .###
...##............... ##
.# #....##.###......#####
## #.##>##.# #.#.÷..# .
#. #.##.# #.#....#.#


You could see a worm and 3 jackals.

Vanquished Creatures
  Jessica (D:2)
  A worm (D:2)
  A ball python (D:1)
  2 bats (D:2)
  A goblin (D:2)
  4 hobgoblins
  A jackal (D:2)
  4 frilled lizards (D:2)
  3 kobolds
  2 rats
20 creatures vanquished.

Notes
Turn   | Place    | Note
-------+----------+-------------------------------------------
     0 | D:1      | Flugkiller the Ogre Transmuter began the quest for the Orb.
     0 | D:1      | Reached XP level 1. HP: 19/19 MP: 3/3
    87 | D:2      | Reached skill level 3 in Unarmed Combat
   112 | D:2      | Reached XP level 2. HP: 15/28 MP: 3/5
   174 | D:2      | Noticed Jessica
   184 | D:2      | Killed Jessica
   184 | D:2      | Reached XP level 3. HP: 18/36 MP: 4/6
   374 | D:1      | Learned a level 3 spell: Spider Form
   415 | D:2      | Killed by miscasting Spider Form

Illustrated notes

Levels and vault maps discovered:
D:1:      sevenhm_arrival_forest_fort_small_3, layout_rooms,
          grunt_decor_mini_mirrors
D:2:      layout_loops_cross, grunt_decor_arrowhead, chequers_avenue,
          uniq_robin, uniq_jessica
D:3:      layout_rooms, wander_ebering_terrifying_dragon_lair, uniq_sigmund,
          uniq_grinder, uniq_crazy_yiuf_cottage, uniq_natasha

Skill      XL: |  1  2 |
---------------+-------+-----
Unarmed Combat | 3 |  3.7
Fighting       | 2 |  2.8
Dodging        | |  1.7
Spellcasting   | |  2.4
Transmutations | |  1.7

Action                   || total
-------------------------++-------
Melee: Unarmed           ||    66
       Kick              ||    11
       Headbutt          ||     5
 Cast: Beastly Appendage ||    13
  Use: Scroll            ||     3
Armor: Robe              ||    18
Dodge: Dodged            ||    34

Table legend: (Time is in decaauts)
 A = Elapsed time spent in this place.
 B = Non-inter-level travel time spent in this place.
 C = Inter-level travel time spent in this place.
 D = Time resting spent in this place.
 E = Time spent auto-exploring this place.
 F = Levels seen in this place.
 G = Mean time per level.
                   A        B        C        D        E       F      G
               +--------+--------+--------+--------+--------+-----+--------+
         Total |    412 |    412 |      0 |      0 |      3 |   3 |  137.3 |
       Dungeon |    412 |    412 |      0 |      0 |      3 |   3 |  137.3 |
               +--------+--------+--------+--------+--------+-----+--------+

Top non-repeatable levels by time:
     D:2: 289 daAuts
     D:1: 117 daAuts
     D:3: 5 daAuts
